AoeStats
← jesterkori

Arena

509635077Analyzed
4v4 RM · 3d ago on Sep 27, 2026· 38m 48s· 8 players
Game mode
Random Map
Map size
Large (8 player)
Population
200
Speed
Normal
Resources
Standard
Victory
Conquest
Starting age
Dark Age
Ending age
Imperial Age
RankedLock teamsTeams togetherTeam positionsShared explorationLock speedFull tech treeHidden civsTurbo modeCheats
Victory
Defeat
🇨🇳 Mapuche · China
1232
+15
🇳🇱 Burmese · Netherlands
1228
+15
🇧🇷 Khmer · Brazil
1175
+17
🇹🇷 Huns · Türkiye
1169
+18
🇮🇳 Persians · India
1278
-19
🇮🇳 Spanish · India
1257
-18
🇮🇳 Byzantines · India
1253
-18
🇺🇸 Khmer · United States
1050
-10
P3psiMan
9:16 Loom
11:26 Feudal Age
12:44 Town Watch
15:47 Castle Age
15:00 Double-Bit Axe
16:24 Scale Barding Armor
17:37 Bloodlines
18:20 Wheelbarrow
18:01 Husbandry
18:26 Chain Barding Armor
29:34 Fletching
34:21 Forging
38:06 Iron Casting
hawkizhere
9:01 Feudal Age
9:27 Double-Bit Axe
10:08 Horse Collar
16:43 Castle Age
16:27 Bloodlines
20:56 Light Cavalry
22:34 Husbandry
24:04 Heavy Plow
24:40 Bow Saw
24:55 Fervor
29:12 Imperial Age
27:27 Gold Mining
28:43 Wheelbarrow
27:55 Loom
28:59 Scale Barding Armor
29:22 Forging
29:16 Cavalier
33:23 Conscription
33:51 Chain Barding Armor
34:07 Iron Casting
36:30 Plate Barding Armor
38:33 Blast Furnace
jesterkori
10:35 Feudal Age
14:31 Castle Age
12:44 Double-Bit Axe
15:45 Crossbowman
16:17 Fletching
20:36 Horse Collar
23:48 Bow Saw
27:08 Gold Mining
29:23 Bodkin Arrow
33:22 Imperial Age
31:28 Wheelbarrow
30:39 Loom
30:57 Padded Archer Armor
31:22 Ballistics
30:45 Pikeman
31:30 Squires
31:21 Gambesons
32:19 Scale Mail Armor
32:30 Forging
33:41 Chain Mail Armor
34:02 Iron Casting
34:12 Arbalester
35:59 Two-Man Saw
36:54 Chemistry
35:59 Bracer
36:34 Leather Archer Armor
37:21 Thumb Ring
Shot-A-Burger
4:43 Loom
11:15 Feudal Age
12:05 Town Watch
12:13 Double-Bit Axe
12:11 Horse Collar
13:24 Wheelbarrow
17:49 Castle Age
20:04 Bow Saw
25:06 Town Patrol
32:58 Imperial Age
35:58 Hand Cart
35:49 Husbandry
36:00 Bloodlines
35:30 Cavalier
37:09 Scale Barding Armor
Deathiscoming
8:40 Feudal Age
15:37 Castle Age
14:19 Horse Collar
23:08 Wheelbarrow
23:22 Heavy Plow
24:36 Fervor
24:18 Gold Mining
24:44 Squires
24:42 Stone Mining
25:54 Hand Cart
25:26 Loom
26:51 Gold Shaft Mining
27:08 Pikeman
28:21 Scale Barding Armor
28:18 Padded Archer Armor
31:28 Imperial Age
29:25 Ballistics
28:47 Treadmill Crane
29:47 Husbandry
30:47 Sanctity
30:49 Chain Barding Armor
30:30 Gambesons
30:41 Fletching
31:05 Forging
30:56 Scale Mail Armor
31:22 Bloodlines
30:41 Man-at-Arms
32:51 Plate Barding Armor
32:42 Chain Mail Armor
33:05 Iron Casting
32:26 Bodkin Arrow
33:40 Chemistry
32:51 Masonry
33:25 Conscription
32:42 Elite Arambai
32:45 Crossbowman
34:11 Parthian Tactics
34:48 Blast Furnace
34:34 Redemption
35:47 Howdah
36:51 Block Printing
37:12 Theocracy
37:06 Illumination
36:57 Fortified Wall
37:17 Architecture
36:54 Halberdier
37:56 Bodkin Arrow
38:17 Chain Mail Armor
37:35 Long Swordsman
37:38 Elite Battle Elephant
38:20 Manipur Cavalry
UnCLeMaRcH
11:32 Feudal Age
15:44 Castle Age
13:58 Fletching
14:13 Double-Bit Axe
14:14 Horse Collar
15:25 Gold Mining
16:41 Bow Saw
19:12 Bodkin Arrow
22:15 Gold Mining
22:45 Padded Archer Armor
23:22 Ballistics
25:44 Husbandry
25:58 Bloodlines
25:48 Husbandry
27:44 Heavy Plow
29:20 Wheelbarrow
28:31 Loom
32:40 Imperial Age
30:49 Thumb Ring
31:32 Hand Cart
33:25 Bracer
34:31 Chemistry
32:53 Capped Ram
34:28 Gold Shaft Mining
33:44 Stone Mining
36:01 Parthian Tactics
35:53 Leather Archer Armor
36:04 Heavy Cavalry Archer
37:52 Siege Ram
jp.manhaes94
11:54 Feudal Age
15:42 Castle Age
13:35 Double-Bit Axe
13:32 Horse Collar
16:51 Bow Saw
16:43 Heavy Plow
24:18 Gold Mining
25:38 Loom
26:29 Wheelbarrow
29:07 Imperial Age
26:51 Bloodlines
26:43 Husbandry
27:25 Scale Barding Armor
28:37 Chain Barding Armor
28:28 Forging
29:12 Cavalier
30:28 Hand Cart
29:59 Town Watch
31:08 Plate Barding Armor
31:10 Iron Casting
34:35 Blast Furnace
35:38 Scale Mail Armor
36:22 Light Cavalry
38:24 Double Crossbow
球球拳
10:16 Feudal Age
13:52 Castle Age
11:43 Double-Bit Axe
12:57 Horse Collar
20:32 Bow Saw
21:32 Heavy Plow
22:14 Wheelbarrow
23:56 Gold Mining
23:57 Stone Mining
25:30 Hand Cart
25:01 Loom
29:14 Imperial Age
29:34 Fletching
29:44 Padded Archer Armor
31:21 Chemistry
31:26 Bodkin Arrow
31:47 Leather Archer Armor
32:00 Ballistics
32:49 Malon
32:43 Elite Bolas Rider
36:27 Siege Engineers
36:04 Treadmill Crane
36:34 Masonry
37:55 Crop Rotation
38:00 Gold Shaft Mining
38:02 Stone Shaft Mining
Connection lost

Rejoining the realm…

Still unreachable

The connection could not be restored.

Session expired

The server has moved on; the page needs a fresh start.